 Dungeon Crawl Stone Soup version 0.22-a0-612-gd2f0174 (webtiles) character file.

87 sking99 the Insei (level 4, -6/36 HPs)
             Began as a Draconian Transmuter on July 11, 2018.
             Mangled by a gnoll
             ... wielding a +0 halberd
              (8 damage)
             ... on level 2 of the Dungeon.
             The game lasted 00:02:16 (2758 turns).

sking99 the Insei (Draconian Transmuter)            Turns: 2758, Time: 00:02:17

Health: -6/36      AC:  5    Str: 16 (17) XL:     4   Next: 28%
Magic:  7/7        EV: 12    Int: 12 (13) God:
Gold:   164        SH:  0    Dex: 11 (13) Spells: 6/7 levels left

rFire    . . .     SeeInvis .     - Unarmed
rCold    . . .     Gourm    .   (no shield)
rNeg     . . .     Faith    .   (armour unavailable)
rPois    .         Spirit   .   (helmet restricted)
rElec    .         Reflect  .   (no cloak)
rCorr    .         Harm     .   (no gloves)
MR       .....                  (no boots)
Stlth    +.........             (no amulet)
HPRegen  0.12/turn              (no ring)
MPRegen  0.10/turn              (no ring)

@: mighty
A: unfitting armour, cold-blooded, AC +5
a: no special abilities


You were on level 2 of the Dungeon.
You were not hungry.

You visited 1 branch of the dungeon, and saw 3 of its levels.

You collected 164 gold pieces.

Inventory:

Missiles
 a - 91 arrows
 h - 2 throwing nets (quivered)
Jewellery
 j - an uncursed ring of stealth {unknown}
 m - an uncursed ring of positive energy {unknown}
 n - a +4 ring of protection {unknown}
Scrolls
 b - 3 scrolls of identify {unknown}
 f - 4 scrolls of remove curse {unknown}
 g - 2 scrolls of teleportation {unknown}
 i - a scroll of enchant armour {unknown}
 k - a scroll of fear {unknown}
Comestibles
 c - 6 rations
 l - 2 chunks of flesh


   Skills:
 + Level 2.1 Fighting
 + Level 2.4 Dodging
 * Level 4.0 Unarmed Combat
 - Level 2.0 Spellcasting
 + Level 2.7 Transmutations


You had 6 spell levels left.
You knew the following spells:

 Your Spells              Type           Power        Failure   Level  Hunger
a - Beastly Appendage     Tmut           #.....       9%          1    ##.....

Your spell library contained the following spells:

 Spells                   Type           Power        Failure   Level  Hunger
 Spider Form              Tmut/Pois      #.........   43%         3    ####...
 Blade Hands              Tmut           #.........   94%         5    ######.
 Ice Form                 Ice/Tmut       #.......     83%         4    #####..
 Sticks to Snakes         Tmut           #.......     14%         2    ###....


Dungeon Overview and Level Annotations

Branches:
Dungeon (3/15)

Altars:
Elyvilon


Innate Abilities, Weirdness & Mutations

Your plain brown scales are hard. (AC +5)
You cannot fit into any form of body armour.
You are cold-blooded and may be slowed by cold attacks.


Message History

You barely miss the gnoll.
The gnoll is moderately wounded.
The gnoll barely misses you. The gnoll hits you with a halberd.
You barely miss the gnoll.
You tail-slap the gnoll, but do no damage.
The gnoll is moderately wounded.
The gnoll hits you with a spear. The gnoll hits you with a halberd!
You hit the gnoll but do no damage.
The gnoll is moderately wounded.
The gnoll hits you with a spear.
* * * LOW HITPOINT WARNING * * *
It was a potion of degeneration.
There was something very wrong with that liquid.
You feel weakened.
You feel dopey.
You feel clumsy. The gnoll barely misses you. The gnoll hits you with a spear.
* * * LOW HITPOINT WARNING * * *
It was a potion of might.
You feel very mighty all of a sudden. The gnoll barely misses you.
The gnoll hits you with a halberd!
You die...

######
############....# ##
#......g@.##....# .#
#......g..#<....# .#
#...........##### .###
#.........### ...#
#.........# ...#
#..###.#### ...# #..#
#.####### ...# #..#
#.......#
...######..####......#


You could see 2 gnolls.

Vanquished Creatures
  4 adders (D:2)
  An ooze (D:1)
  2 dart slugs (D:1)
  4 bats
  2 giant cockroaches
  3 goblins (D:1)
  6 hobgoblins
  5 jackals (D:2)
  2 ball pythons
  3 frilled lizards
  6 kobolds
  7 rats
45 creatures vanquished.

Notes
Turn   | Place    | Note
-------+----------+-------------------------------------------
     0 | D:1      | sking99 the Draconian Transmuter began the quest for the Orb.
     0 | D:1      | Reached XP level 1. HP: 16/16 MP: 3/3
   195 | D:1      | Reached XP level 2. HP: 16/23 MP: 5/5
  1129 | D:1      | Reached XP level 3. HP: 28/29 MP: 6/6
  1710 | D:2      | Reached XP level 4. HP: 21/36 MP: 7/7
  2017 | D:2      | Found a white marble altar of Elyvilon.
  2266 | D:3      | Reached skill level 4 in Unarmed Combat
  2594 | D:3      | Found a faded altar of an unknown god.
  2758 | D:2      | Mangled by a gnoll

Vault maps used:
D:1:      dpeg_arrival_brainrot, minivault_4
D:2:      first_ration, elyvilon_altar_1
D:3:      chequers_ecumenical_altar_simple, serial_bayou_pond_b

Skill      XL: |  1  2  3  4 |
---------------+-------------+-----
Dodging        | 2 |  2.4
Fighting       | 2 |  2.1
Unarmed Combat | 4 |  4.0
Spellcasting   | |  2.0
Transmutations | |  2.7

Action                   |  1- 3 |  4- 6 || total
-------------------------+-------+-------++-------
Melee: Unarmed           |   129 |    45 ||   174
       Tailslap          |    16 |     7 ||    23
       Punch             |     1 |       ||     1
       Kick              |     4 |     1 ||     5
 Cast: Beastly Appendage |     3 |       ||     3
  Use: Potion            |       |     2 ||     2
 Stab: Sleeping          |     1 |     1 ||     2
  Eat: Chunk             |     3 |     3 ||     6
Armor: Skin              |    56 |    10 ||    66
Dodge: Dodged            |    99 |    37 ||   136

Table legend:
 A = Spawn XP
 B = Non-spawn XP
 C = Spawn XP percentage of total XP
 D = Spawn monster count
 E = Non-spawn monster count
 F = Spawn count percentage of total count
 G = Total turns spent on level
                    A         B        C        D         E        F      G
               +---------+---------+-------+---------+---------+-------+---------
         Total |       0 |     125 |   0.0 |       0 |      45 |   0.0 |  2758
               +---------+---------+-------+---------+---------+-------+---------
           D:1 |       0 |      45 |   0.0 |       0 |      24 |   0.0 |  1429
           D:2 |       0 |      68 |   0.0 |       0 |      13 |   0.0 |   835
           D:3 |       0 |      12 |   0.0 |       0 |       8 |   0.0 |   494
               +---------+---------+-------+---------+---------+-------+---------
